 Dungeon Crawl Stone Soup version 0.27-a0-1434-g6f15984924 (webtiles) character file.

Game seed: 11750588603618194406

222 AarnesTheHuman the Chiller (level 5, -3/37 (41) HPs)
             Began as a Barachi Ice Elementalist on July 3, 2021.
             Slain by a wight (11 damage)
             ... on level 3 of the Dungeon.
             The game lasted 00:09:13 (4117 turns).

AarnesTheHuman the Chiller (BaIE)                   Turns: 4117, Time: 00:09:13

HP:   -3/37 (41)    AC:  9    Str: 11    XL:     5   Next: 99%
MP:   9/10          EV: 12    Int: 15    God:
Gold: 116           SH:  0    Dex: 18    Spells: 6/10 levels left

rFire    + + .     SeeInvis .   e - +1 dagger
rCold    x . .     Faith    .   (no shield)
rNeg     . . .     Spirit   .   o - +0 fire dragon scales
rPois    .         Reflect  .   (no helmet)
rElec    .         Harm     .   (no cloak)
rCorr    .         Rampage  .   (no gloves)
Will     .....                  (no boots)
Stlth    ..........             (no amulet)
HPRegen  0.12/turn              k - +4 ring of evasion
MPRegen  0.12/turn              q - +6 ring of dexterity

@: drained, slow
A: amphibious, slowness 1, strong legs 1, +LOS
a: Hop


You were on level 3 of the Dungeon.
You visited 1 branch of the dungeon, and saw 4 of its levels.

You collected 116 gold pieces.

Inventory:

Hand Weapons
 d - a +0 club
 e - a +1 dagger (weapon)
Armour
 a - a +0 robe
 j - a +2 tower shield
 o - +0 fire dragon scales (worn)
Magical Staves
 l - a staff of cold
Jewellery
 k - a +4 ring of evasion (left hand)
 n - a ring of resist corrosion
 q - a +6 ring of dexterity (right hand)
Scrolls
 b - 5 scrolls of identify
 g - a scroll of fear
 p - 2 scrolls of noise
Potions
 h - a potion of resistance
 i - a potion of haste {unknown}
 m - a potion of lignification {unknown}
 r - a potion of heal wounds {unknown}
 s - a potion of berserk rage {unknown}


   Skills:
 + Level 3.0 Fighting
 + Level 3.0 Armour
 - Level 2.1 Dodging
 - Level 1.7 Stealth
 + Level 3.4 Spellcasting
 * Level 6.1 Ice Magic


You had 6 spell levels left.
You knew the following spells:

 Your Spells              Type           Power      Damage    Failure   Level
a - Freeze                Ice            84%        1d10      12%         1
b - Frozen Ramparts       Ice            42%        1d6       36%         3

Your spell library contained the following spells:

 Spells                   Type           Power      Damage    Failure   Level
 Ozocubu's Armour         Ice            21%        N/A       36%         3
 Shock                    Conj/Air       8%         1d3       83%         1
 Swiftness                Air            2%         N/A       99%         3
 Hailstorm                Conj/Ice       11%        3d5       99%         4
 Airstrike                Air            1%         N/A       100%        4


Dungeon Overview and Level Annotations

Branches:
Dungeon (4/15)
 Temple: D:4-7

Altars:
Dithmenos
Elyvilon
Okawaru
Ru

Shops:
D:2 [


Innate Abilities, Weirdness & Mutations

You are amphibious.
You cover ground slowly.
You can hop short distances.
You have an extended range of vision and can be seen from far away.


Message History

Confirm with . or Enter, or press ? or * to list all spells.
Aiming: Freeze (safe; 13% risk of failure)
Press: ? - help, Shift-Dir - straight line, f/p - jelly
Aim: a jelly (almost dead)
You freeze the jelly!
You kill the jelly!
Your Fighting skill increases to level 3!
Your Armour skill increases to level 3!
You start resting.
Your magical contamination has completely faded away.
You start resting.
Magic restored.
You climb downwards.
You hear the sound of rushing water.
There is an entrance to a sewer on this level.
Hurry and find it before the portal rusts away!
A wight comes into view. It is wielding a +4 battleaxe.
The wight hits you with a +4 scimitar of freezing.
You feel drained. The wight freezes you.
The wight hits you with a +4 scimitar of freezing!
You feel drained. The wight freezes you.
There is a stone staircase leading up, spattered with blood here.
The wight closely misses you.
You climb upwards.
There is a stone staircase leading down here.
Casting: Freeze (safe; 12% risk of failure)
Confirm with . or Enter, or press ? or * to list all spells.
Aiming: Freeze (safe; 12% risk of failure)
Press: ? - help, Shift-Dir - straight line, f - wight
Aim: a wight, wielding a +4 scimitar of freezing and wearing a +0 robe You freeze the wight but do no damage.
The wight completely resists.
The wight closely misses you.
You hit the wight but do no damage.
The wight hits you with a +4 scimitar of freezing!
The wight freezes you.
* * * LOW HITPOINT WARNING * * *
You barely miss the wight. The wight misses you.
You closely miss the wight. The wight completely misses you.
You hit the wight but do no damage.
The wight hits you with a +4 scimitar of freezing!
You die...

#.....'.......##
#.........#
#.....###...#..#
#.........# #.....#
#...##.# #.........#
#.....# #...##.##
#.........# ......#
######..# #.#+#.....#
......# ##.#
#.#.#.<...##### ...####
#.###........##.... ...#
#######..####.#.#####.###
.### #.......@.......#
#.# .#
#.######z####.#######.#
.# #.# #.# #.........#
.### #.# #.# ###########
...# #.# #.# ...######.#
#.# ..........######.#
...######........# ####
##########


You could see a wight.

Vanquished Creatures
  A hound (D:3)
  2 jellies (D:3)
  6 adders
  An ufetubus (D:3)
  A worm (D:3)
  A dart slug (D:3)
  2 orcs (D:3)
  7 bats
  2 endoplasms (D:1)
  3 giant cockroaches
  2 goblins
  11 hobgoblins
  5 jackals
  3 quokkas
  3 ball pythons
  4 frilled lizards
  6 kobolds
  5 rats
65 creatures vanquished.

Vanquished Creatures (others)
  A quokka (D:3)
1 creature vanquished.

Grand Total: 66 creatures vanquished

Notes
Turn   | Place    | Note
-------+----------+-------------------------------------------
     0 | D:1      | AarnesTheHuman the Barachi Ice Elementalist began the quest
                  | for the Orb.
     0 | D:1      | Reached XP level 1. HP: 13/13 MP: 3/3
   514 | D:1      | Reached skill level 5 in Ice Magic
   514 | D:1      | Reached XP level 2. HP: 20/20 MP: 3/5
   686 | D:1      | Reached skill level 1 in Fighting
   709 | D:1      | Reached skill level 1 in Armour
  1157 | D:2      | Reached XP level 3. HP: 5/26 MP: 2/6
  1467 | D:2      | Found Irolunwots's Antique Armour Boutique.
  2074 | D:2      | Learned a level 3 spell: Frozen Ramparts
  2367 | D:3      | Reached XP level 4. HP: 19/33 MP: 4/8
  2785 | D:3      | Found a shadowy altar of Dithmenos.
  3058 | D:3      | Found a sacrificial altar of Ru.
  3128 | D:3      | Found a white marble altar of Elyvilon.
  3150 | D:3      | Found an iron altar of Okawaru.
  3379 | D:3      | Reached XP level 5. HP: 33/39 MP: 9/9
  3939 | D:4      | Noticed a phantom
  4011 | D:3      | Reached skill level 6 in Ice Magic
  4117 | D:3      | Slain by a wight

Illustrated notes

Levels and vault maps discovered:
D:1:      noname_arrival_rooms_in_the_neighbourhood, layout_basic,
          ebering_ecumenical_altar_hall, minmay_tripent
D:2:      layout_basic, serial_shops, shop, kennysheep_cluttered_room,
          minivault_25
D:3:      minmay_razor_zed, layout_basic, nicolae_ru_sacrificial_ziggurat,
          nicolae_dithmenos_shadow_blocks, lemuel_crystal_altar,
          elyvilon_altar_4, skrybe_limestone_x, small_statue_intersection,
          kennysheep_path_1
D:4:      layout_cave_pools, serial_rivers, chequers_serial_rivers_micro_d,
          chequers_serial_rivers_micro_d, chequers_serial_rivers_room_a,
          chequers_serial_rivers_large_a, chequers_serial_rivers_micro_c,
          cheibrodos_sewer_entry_sluice, uniq_sigmund

Skill      XL: |  1  2  3  4  5 |
---------------+----------------+-----
Ice Magic      | 5 6 |  6.1
Fighting       | 1 2 3 |  3.0
Armour         | 1 2 3 |  3.0
Spellcasting   | 3 |  3.4
Dodging        | |  2.1
Stealth        | |  1.7

Action                   |  1- 3 |  4- 6 || total
-------------------------+-------+-------++-------
Melee: Unarmed           |    18 |       ||    18
       Club              |    23 |       ||    23
       Dagger            |    17 |   138 ||   155
 Cast: Freeze            |    46 |    26 ||    72
 Abil: Hop               |     1 |       ||     1
  Use: Scroll            |       |     5 ||     5
 Stab: Sleeping          |     2 |       ||     2
Armor: Robe              |    22 |       ||    22
       Fire dragon scale |       |    74 ||    74
Dodge: Dodged            |    86 |   142 ||   228

Table legend: (Time is in decaauts)
 A = Elapsed time spent in this place.
 B = Non-inter-level travel time spent in this place.
 C = Inter-level travel time spent in this place.
 D = Time resting spent in this place.
 E = Time spent auto-exploring this place.
 F = Levels seen in this place.
 G = Mean time per level.
                   A        B        C        D        E       F      G
               +--------+--------+--------+--------+--------+-----+--------+
         Total |   4518 |   4345 |    173 |   1222 |   2449 |   4 | 1129.5 |
       Dungeon |   4518 |   4345 |    173 |   1222 |   2449 |   4 | 1129.5 |
               +--------+--------+--------+--------+--------+-----+--------+

Top non-repeatable levels by time:
     D:3: 2052 daAuts
     D:1: 1269 daAuts
     D:2: 1171 daAuts
     D:4: 24 daAuts
